 Dungeon Crawl Stone Soup version 0.30.1-11-g7821555f0a (webtiles) character file.

Game seed: 13821790574374928283

77 KittyFluff the Trooper (level 4, 0/29 HPs)
             Began as a Gargoyle Berserker on Nov 11, 2023.
             Was a Follower of Trog.
             Slain by a scorpion (5 damage)
             ... on level 4 of the Dungeon.
             The game lasted 00:06:26 (1621 turns).

KittyFluff the Trooper (Gargoyle Berserker)         Turns: 1621, Time: 00:06:26

Health: 0/29       AC:  5    Str: 22    XL:     4   Next: 33%
Magic:  4/4        EV: 12    Int:  8    God:    Trog [*.....]
Gold:   60         SH:  0    Dex:  9    Spells: 3/3 levels left

rFire   . . .        a - +0 mace
rCold   . . .        (no shield)
rNeg    + . .        b - +0 animal skin
rPois   ∞            (no helmet)
rElec   +            (no cloak)
rCorr   .            (no gloves)
SInv    .            (no boots)
Will    .....        (no amulet)
Stlth   +            (no ring)
HPRegen 0.24/turn    (no ring)
MPRegen 0.09/turn

%: no passive effects
@: no status effects
A: sickness immunity, AC +3, negative energy resistance 1, electricity
resistance, torment resistance 1, petrification resistance
a: Renounce Religion, Berserk


You were on level 4 of the Dungeon.
You worshipped Trog.
Trog was aware of your devotion.
You visited 1 branch of the dungeon, and saw 3 of its levels.

You collected 60 gold pieces.

Inventory:

Hand Weapons
 a - a +0 mace (weapon)
 n - a +0 sling
Armour
 b - a +0 animal skin (worn)
 m - a +0 hat
Jewellery
 j - a +6 ring of strength
Scrolls
 f - 6 scrolls of identify {unknown}
 g - a scroll of vulnerability {unknown}
 k - 2 scrolls of teleportation {unknown}
 l - a scroll of summoning {unknown}
Potions
 c - a potion of might {unknown}
 d - a potion of haste {unknown}
 e - a potion of attraction {unknown}
 h - a potion of lignification {unknown}
 i - a potion of ambrosia {unknown}


   Skills:
 + Level 3.7 Fighting
 * Level 3.7 Maces & Flails
 * Level 3.1 Armour
 + Level 1.9 Dodging
 + Level 1.4 Stealth


You had 3 spell levels left.
You didn't know any spells.
Your spell library was empty.

Dungeon Overview and Level Annotations

Branches:
Dungeon (2/15)

Altars:


Innate Abilities, Weirdness & Mutations

You are immune to sickness and miasma.
Your stone body is resilient. (AC +3)
You are immune to poison.
You resist negative energy. (rN+)
You are resistant to electric shocks. (rElec)
You are resistant to unholy torment.
You are immune to petrification.


Message History

The goblin hits you with a +0 dagger.
You sock the goblin!
You kill the goblin!
Trog accepts your kill.
Things that are here:
a +0 dagger; an iguana corpse
Found a brown potion.
A scorpion comes into view.
There is a stone staircase leading up here.
You start resting.
A worm comes into view.
A worm is nearby!
There is a stone staircase leading up here.
A scorpion is nearby!
You hit the scorpion.
The scorpion is moderately wounded.
The scorpion stings you. x2
You hit the scorpion but do no damage.
The scorpion is moderately wounded.
The scorpion stings you.
You barely miss the scorpion.
The scorpion is moderately wounded.
The scorpion barely misses you. The scorpion misses you.
You hit the scorpion.
The scorpion is moderately wounded.
The scorpion stings you but does no damage.
You barely miss the scorpion.
The scorpion is moderately wounded.
The scorpion stings you.
* * * LOW HITPOINT WARNING * * *
The scorpion stings you.
* * * LOW HITPOINT WARNING * * *
You hit the scorpion but do no damage.
The scorpion is moderately wounded.
The scorpion stings you.
* * * LOW HITPOINT WARNING * * *
You hit the scorpion.
The scorpion is heavily wounded.
The scorpion stings you.
You die...

#..........#...# .
##w.##.....#....#
..!.###..............#
.......<....)......#
......##s.......†###
..... #.#...###.#
...?.###...#w# #.#
..s........#s# #..
...........#@# #... .
.........#.###....
..(................
.......#.#.###......
......>#.#.# #.......
.#.......#.#
.....##...# .##.#
##..# #.. ..#


You could see a worm and a scorpion.

Vanquished Creatures
  An iguana (D:4)
  A gnoll (D:2)
  An adder (D:4)
  A dart slug (D:1)
  2 ball pythons
  An endoplasm (D:2)
  4 giant cockroaches
  2 goblins
  A hobgoblin (D:1)
  3 kobolds
  4 bats
  2 frilled lizards (D:2)
  4 rats
27 creatures vanquished.

Notes
Turn   | Place    | Note
-------+----------+-------------------------------------------
     0 | D:1      | KittyFluff the Gargoyle Berserker began the quest for the
                  | Orb.
     0 | D:1      | Reached XP level 1. HP: 14/14 MP: 1/1
   174 | D:1      | Reached XP level 2. HP: 15/19 MP: 2/2
  1074 | D:2      | Reached skill level 1 in Stealth
  1074 | D:2      | Reached XP level 3. HP: 18/23 MP: 3/3
  1525 | D:2      | You fall into a shaft and drop 2 floors!
  1553 | D:4      | Reached XP level 4. HP: 8/29 MP: 4/4
  1592 | D:4      | Noticed a scorpion
  1621 | D:4      | Slain by a scorpion

Illustrated notes

Levels and vault maps discovered:
D:1:      dpeg_arrival_morbid_curiosity, layout_basic,
          chequers_serial_rivers_small_3
D:2:      layout_basic, nicolae_hexahallways, minmay_cupped
D:4:      layout_rooms, minmay_temple_entry_poolview

Skill      XL: |  1  2  3 |
---------------+----------+-----
Stealth        | 1 |  1.4
Armour         | 3 |  3.1
Fighting       | |  3.7
Maces & Flails | |  3.7
Dodging        | |  1.9

Action                     |  1- 3 |  4- 6 || total
---------------------------+-------+-------++-------
  Melee: Mace              |    60 |    12 ||    72
 Invoke: Berserk           |     1 |       ||     1
 Armour: Animal skin       |    17 |     1 ||    18
  Dodge: Dodged            |    46 |     4 ||    50
